 Dungeon Crawl Stone Soup version 0.30-a0-223-gcb0039aa0c (webtiles) character file.

Game seed: 13807278081536005322

251 IdlyInterested the Cudgeller (level 5, -5/42 HPs)
             Began as a Demonspawn Wanderer on Oct 9, 2022.
             Slain by an iguana (7 damage)
             ... on level 4 of the Dungeon.
             The game lasted 00:10:39 (2852 turns).

IdlyInterested the Cudgeller (Demonspawn Wanderer)  Turns: 2852, Time: 00:10:39

Health: -5/42      AC:  9    Str: 16    XL:     5   Next: 88%
Magic:  5/5        EV: 10    Int: 14    God:
Gold:   208        SH:  0    Dex: 10    Spells: 4/4 levels left

rFire   . . .      SeeInvis .    a - +4 mace
rCold   + . .      Faith    .    (no shield)
rNeg    . . .      Spirit   .    i - +2 ring mail {rC+}
rPois   .          Reflect  .    (no helmet)
rElec   .          Harm     .    (no cloak)
rCorr   .          Rampage  .    f - +1 pair of gloves {Stlth+}
Will    .....                    (no boots)
Stlth   +.........               (no amulet)
HPRegen 0.27/turn                (no ring)
MPRegen 0.09/turn                (no ring)

@: no status effects
A: claws 1, demonic guardian 2, powered by death 1
a: no special abilities


You were on level 4 of the Dungeon.
You visited 1 branch of the dungeon, and saw 4 of its levels.

You collected 208 gold pieces.

Inventory:

Hand Weapons
 a - a +4 mace (weapon)
Missiles
 m - 2 boomerangs (quivered)
Armour
 e - a +0 chain mail
 f - a +1 pair of gloves of stealth (worn)
 i - a +2 ring mail of cold resistance (worn)
Scrolls
 c - a scroll of silence {unknown}
 d - 2 scrolls of teleportation
 h - 2 scrolls of amnesia
Potions
 g - a potion of mutation
 j - a potion of flight
 k - a potion of berserk rage {unknown}


   Skills:
 * Level 3.8 Fighting
 + Level 4.0 Maces & Flails
 - Level 1.0 Throwing
 - Level 3.0 Armour
 - Level 1.0 Dodging
 - Level 1.7 Unarmed Combat
 - Level 1.0 Evocations


You had 4 spell levels left.
You didn't know any spells.
Your spell library was empty.

Dungeon Overview and Level Annotations

Branches:
Dungeon (4/15)
 Temple: D:4-7

Altars:
Vehumet


Innate Abilities, Weirdness & Mutations

You have sharp fingernails.
A demonic guardian rushes to your aid.
You regenerate a little health from kills.


Message History

The gnoll bouda gazes fiercely through you!
You feel your attacks grow feeble. The gnoll closely misses you.
Your ice devil completely misses the gnoll.
Things that are here:
a +0 spear; a gnoll corpse You thump the gnoll!
The gnoll is severely wounded.
The gnoll hits you with a +0 club. The gnoll closely misses you.
The iguana bites you.
Your ice devil barely misses the gnoll.
You barely miss the gnoll.
The gnoll is severely wounded.
The gnoll hits you with a +0 club.
The gnoll hits you from afar with a +0 spear.
The iguana bites you!
* * * LOW HITPOINT WARNING * * *
Your ice devil hits the gnoll!
The gnoll dies!
You feel better.
The gnoll is no longer moving quickly.
The gnoll closely misses you. The iguana bites you.
* * * LOW HITPOINT WARNING * * *
You feel better.
Your attacks no longer feel as feeble.
The gnoll hits you from afar with a +0 spear.
* * * LOW HITPOINT WARNING * * *
The iguana barely misses you.
The gnoll bouda barks out a call to the hunt!
The gnoll picks up the pace!
Your ice devil closely misses the iguana.
You closely miss the iguana.
The gnoll hits you from afar with a +0 spear.
* * * LOW HITPOINT WARNING * * *
The iguana bites you.
* * * LOW HITPOINT WARNING * * *
Your ice devil hits the iguana.
Your ice devil freezes the iguana!
Unknown command.
You barely miss the iguana.
The iguana is almost dead.
The gnoll hits you but does no damage. The iguana bites you!
You die...

#### ##....#######
.......@lgg.#
##.....4###.......
#....#.g .)..$..
###.####. .......
#. ......... #
........ ...>....
...##..


You could see a gnoll bouda, an iguana (ally target), 2 gnolls and a friendly
ice devil (summoned).

Vanquished Creatures
  A hound (D:3)
  Ijyb (D:3)
  5 adders
  2 gnolls (D:4)
  2 worms (D:2)
  4 dart slugs
  4 orcs (D:3)
  3 ball pythons
  8 endoplasms
  4 giant cockroaches
  8 goblins
  11 hobgoblins
  2 quokkas
  7 bats
  4 frilled lizards
  9 kobolds
  4 rats
  A spectral goblin (D:2)
80 creatures vanquished.

Vanquished Creatures (collateral kills)
  An orc wizard (D:3)
  A gnoll (D:4)
2 creatures vanquished.

Grand Total: 82 creatures vanquished

Notes
Turn   | Place    | Note
-------+----------+-------------------------------------------
     0 | D:1      | IdlyInterested the Demonspawn Wanderer began the quest for
                  | the Orb.
     0 | D:1      | IdlyInterested set off with the following items: a +3 mace,
                  | 2 potions of curing, a +0 leather armour.
     0 | D:1      | Reached XP level 1. HP: 16/16 MP: 1/1
    60 | D:1      | Reached skill level 1 in Armour
    87 | D:1      | Gained mutation: A weak demonic guardian rushes to your
                  | aid. [demonic ancestry]
    87 | D:1      | Reached XP level 2. HP: 19/22 MP: 2/2
   207 | D:1      | Reached skill level 3 in Maces & Flails
   387 | D:1      | Gained mutation: You regenerate a little health from kills.
                  | [demonic ancestry]
   387 | D:1      | Reached XP level 3. HP: 26/27 MP: 3/3
   947 | D:2      | Found a radiant altar of Vehumet.
  1119 | D:2      | Found a faded altar of an unknown god.
  1129 | D:2      | Gained mutation: A demonic guardian rushes to your aid.
                  | [demonic ancestry]
  1129 | D:2      | Reached XP level 4. HP: 33/33 MP: 4/4
  1860 | D:3      | Gained mutation: You have sharp fingernails. [demonic
                  | ancestry]
  1860 | D:3      | Reached XP level 5. HP: 40/40 MP: 5/5
  1904 | D:3      | Noticed Ijyb
  1929 | D:3      | Killed Ijyb
  2581 | D:4      | Reached skill level 4 in Maces & Flails
  2851 | D:4      | HP: 2/42 [iguana (3)]
  2852 | D:4      | Slain by an iguana

Illustrated notes

Levels and vault maps discovered:
D:1:      lightli_arrival_isolated_outpost, layout_basic
D:2:      layout_basic, dreamdust_ecumenical_altar_drowned_temple, basic_altar
D:3:      layout_loops_ring, mainiacjoe_overflow_24_doors, uniq_ijyb
D:4:      layout_rooms, hangedman_decor_clover_reticule, uniq_duvessa

Skill      XL: |  1  2  3  4  5 |
---------------+----------------+-----
Armour         | 1 2 3 |  3.0
Maces & Flails | 3 4 |  4.0
Fighting       | 3 |  3.8
Throwing       | |  1.0
Dodging        | |  1.0
Unarmed Combat | |  1.7
Evocations     | |  1.0

Action                   |  1- 3 |  4- 6 || total
-------------------------+-------+-------++-------
Melee: Mace              |    99 |   120 ||   219
       Punch             |     2 |     1 ||     3
Throw: Boomerang         |       |     4 ||     4
  Use: Scroll            |     2 |     6 ||     8
       Potion            |       |     3 ||     3
 Stab: Sleeping          |       |     4 ||     4
Armor: Leather armour    |    31 |    13 ||    44
       Scale mail        |       |    11 ||    11
       Ring mail         |       |    29 ||    29
Dodge: Dodged            |    61 |    63 ||   124

Table legend: (Time is in decaauts)
 A = Elapsed time spent in this place.
 B = Non-inter-level travel time spent in this place.
 C = Inter-level travel time spent in this place.
 D = Time resting spent in this place.
 E = Time spent auto-exploring this place.
 F = Levels seen in this place.
 G = Mean time per level.
                   A        B        C        D        E       F      G
               +--------+--------+--------+--------+--------+-----+--------+
         Total |   2926 |   2590 |    336 |    286 |   1439 |   4 |  731.5 |
       Dungeon |   2926 |   2590 |    336 |    286 |   1439 |   4 |  731.5 |
               +--------+--------+--------+--------+--------+-----+--------+

Top non-repeatable levels by time:
     D:1: 915 daAuts
     D:3: 876 daAuts
     D:2: 864 daAuts
     D:4: 269 daAuts
